 Dungeon Crawl Stone Soup version 0.18-a0-809-g212a022 (webtiles) character file.

79 Proton the Shield-Bearer (level 4, -1/37 HPs)
             Began as a Formicid Fighter on Dec 15, 2015.
             Was an Initiate of Cheibriados.
             Engulfed by a cloud of flame (25 damage)
             ... on level 2 of the Dungeon.
             The game lasted 00:03:23 (1442 turns).

Proton the Shield-Bearer (Formicid Fighter)         Turns: 1442, Time: 00:03:23

Health: -1/37      AC: 11    Str: 23    XL:     4   Next: 64%
Magic:  4/4        EV:  8    Int:  8    God:    Cheibriados [......]
Gold:   112        SH: 10    Dex: 11    Spells: 0 memorised, 3 levels left

rFire  . . .     SeeInvis +     a - +0 war axe
rCold  . . .     Clarity  .     e - +0 plate armour
rNeg   . . .     SustAt   .     c - +0 shield
rPois  .         Gourm    .     (helmet unavailable)
rElec  .         Spirit   .     (no cloak)
rCorr  .         Dismiss  .     (no gloves)
rMut   .         Stasis   +     (no boots)
MR     .....                    (no amulet)
Stlth  ..........               k - +1 ring of evasion
                                j - +2 ring of evasion

@: very slow, not resistant to hostile enchantments, extremely unstealthy
A: permanent stasis, dig shafts and tunnels, four strong arms, antennae 3,
mutation resistance 1
a: Dig, Shaft Self, Bend Time, Renounce Religion


You were on level 2 of the Dungeon.
You worshipped Cheibriados.
Cheibriados was noncommittal.
You were near starving.

You visited 1 branch of the dungeon, and saw 2 of its levels.

You collected 112 gold pieces.

Inventory:

Hand Weapons
 a - a +0 war axe (weapon)
Armour
 c - a +0 shield (worn)
 e - a +0 plate armour (worn)
Jewellery
 j - a +2 ring of evasion (left hand)
 k - a +1 ring of evasion (right hand)
Wands
 q - a wand of digging (5)
 s - a wand of slowing (0)
Scrolls
 b - a scroll of magic mapping {unknown}
 g - 2 scrolls of remove curse {unknown}
 h - 2 scrolls of immolation {unknown}
 i - a scroll of enchant weapon {unknown}
 n - a scroll of blinking {unknown}
 o - 4 scrolls of identify {unknown}
Potions
 d - a potion of might
 l - 2 potions of resistance {unknown}
 m - 2 potions of lignification {unknown}
Comestibles
 f - a bread ration
 p - 2 meat rations
 r - 3 fruits


   Skills:
 + Level 4.0 Fighting
 + Level 2.6 Axes
 + Level 3.9 Armour
 + Level 1.0 Dodging
 + Level 4.1 Shields


You had 3 spell levels left.
You didn't know any spells.

Dungeon Overview and Level Annotations

Branches:
Dungeon (2/15)

Altars:
Cheibriados
Elyvilon
Gozag
Sif Muna
Vehumet
Xom
The Shining One


Innate Abilities, Weirdness & Mutations

You are under a permanent stasis effect.
You can dig through walls and to a lower floor.
Your four strong arms can wield two-handed weapons with a shield.
You have a pair of large antennae on your head (SInv).
You are somewhat resistant to further mutation.


Message History

You see here a leather armour.
There is an open door here.
Things that are here:
a falchion; a kobold corpse; an orc corpse You see here a club.
Xom's power brushes against you for a moment.
Your body is suffused with distortional energy.
You feel genetically stable.
Really walk into a travel-excluded area? [Y]es or [N]o only, please.
Really walk into a travel-excluded area? [Y]es or [N]o only, please.
Really walk into a travel-excluded area? [Y]es or [N]o only, please.
Really walk into a travel-excluded area?
You are engulfed in roaring flames.
You are engulfed in roaring flames.
Ouch! That really hurt!
You die... "This toy is broken."

##### #.# ##...##
#.# #...# #.# #...#
#.####...###
#####..........#
#............#.#
#####.##......§....#
......##.#.#..§.§..#
########.#.#.§._@§##
## #.#.#..§.§.# .##
#.#.#...§..#
#.######.#.#.##(###
##....##.#.#.##.#
#...............#
..###.######.####
..# #.# #.# ###
#.######.#


There were no monsters in sight!

Vanquished Creatures
  2 gnolls (D:2)
  2 adders (D:2)
  A worm (D:2)
  A giant gecko (D:1)
  An orc (D:2)
  4 bats
  3 giant cockroaches
  6 hobgoblins
  4 giant newts
  5 goblins
  2 jackals (D:1)
  4 kobolds (D:2)
  3 rats
38 creatures vanquished.

Vanquished Creatures (others)
  A hobgoblin (D:2)
1 creature vanquished.

Grand Total: 39 creatures vanquished

Notes
Turn   | Place    | Note
--------------------------------------------------------------
     0 | D:1      | Proton the Formicid Fighter began the quest for the Orb.
     0 | D:1      | Reached XP level 1. HP: 18/18 MP: 1/1
   202 | D:1      | Reached XP level 2. HP: 22/24 MP: 2/2
   605 | D:2      | Found a deep blue altar of Sif Muna.
   615 | D:2      | Found an opulent altar of Gozag.
   616 | D:2      | Found a white marble altar of Elyvilon.
   619 | D:2      | Reached XP level 3. HP: 29/29 MP: 3/3
   658 | D:2      | Reached skill level 4 in Shields
   659 | D:2      | Found a shimmering altar of Xom.
   758 | D:2      | Found a radiant altar of Vehumet.
   882 | D:2      | Reached skill level 1 in Dodging
   932 | D:2      | Reached XP level 4. HP: 34/37 MP: 4/4
   965 | D:2      | Found a faded altar to an unknown god.
   980 | D:2      | Became a worshipper of Xom of Many Doors
  1066 | D:2      | Found a glowing golden altar of the Shining One.
  1085 | D:2      | Fell from the grace of Xom
  1085 | D:2      | Became a worshipper of the Shining One
  1360 | D:2      | Found a snail-covered altar of Cheibriados.
  1392 | D:2      | Fell from the grace of the Shining One
  1392 | D:2      | Became a worshipper of Cheibriados the Contemplative
  1417 | D:2      | XOM: give mutations
  1417 | D:2      | Gained mutation: You are somewhat resistant to further mutation. [Xom's mischief]
  1442 | D:2      | Engulfed by a cloud of flame

Vault maps used:
D:1:      minmay_arrival_solitary_statue
D:2:      fiery_altar_vehumet, minitemple, nicolae_tso_swordbearing_angel,
          cheibriados_altar_wand_db, ecumenical_altar_2, xom_teletrap_fun

Action                   |  1- 3 |  4- 6 || total
-------------------------+-------+-------++-------
Melee: War axe           |    98 |    39 ||   137
